[Event "44th Chess Olympiad Women 2022"]
[Site "Chennai"]
[Date "2022.08.03"]
[Round "6.9"]
[White "Gaal, Zsoka"]
[Black "Bach, Ngoc Thuy Duong"]
[Result "1-0"]
[WhiteElo "2313"]
[BlackElo "2192"]
[Annotator "TA"]
[PlyCount "71"]
[EventDate "2022.??.??"]
[TimeControl "60"]

1. d4 d5 2. c4 e6 3. Nc3 c6 4. e4 dxe4 5. Nxe4 Bb4+ 6. Bd2 Qxd4 7. Bxb4 Qxe4+ 8. Be2 Nd7 9. Nf3 {[%emt 0:00:17] White has compensation.} c5 {
[%emt 0:05:58] D31: Queen's Gambit Declined: Semi-Slav without ...Nf6 (+
Marshall Gambit and Noteboom) and Exchange Variation lines without ...Nf6.} 10.
Bc3 f6 {[%emt 0:04:46] [#]} (10... Ngf6 $14) 11. Qd2 $146 (11. Nd2 $16 Qxg2 12. Bf3) ({Predecessor:} 11. O-O Ne7 12. Re1
Qc6 13. Ng5 fxg5 14. Bf3 Qa6 15. Bxg7 Rg8 16. Bh5+ Ng6 17. Qg4 {1-0 (39)
Williams,S (2545)-Ninov,N (2532) France 2009}) 11... Nb6 $2 (
11... e5 $11 {and Black is okay.}) 12. O-O-O {[%emt 0:03:13][%cal Yf3g5]
Hoping for Ng5!} Bd7 {[%emt 0:01:22] [#]} 13. Ng5 $1 Qg6 {
[%emt 0:02:12] [#]} (13... fxg5 $2 14. Bxg7 O-O-O 15. Bd3 (15. Qxg5 Qxe2 16.
Qxc5+ Bc6 $11) 15... Nxc4 16. Bxe4 $18) 14. Bd3 $1 f5 (14... Qxg5 $2 15. Qxg5 fxg5 16. Bxg7 $18) (14... Qh6 $16 {
was called for.}) 15. h4 {[%emt 0:03:55] Threatens to win with g4.} Nf6 16. h5 $36 {[%emt 0:04:12] White is on the roll. White is more
active.} Nxh5 {[%emt 0:06:20] Black cannot hold the game after this.} (16...
Qh6 $16 {is a better chance.}) 17. g4 $18 {[%emt 0:00:41] Strongly threatening
Bxf5.} h6 18. Rxh5 {[%emt 0:02:45][%cal Yd3f5] Bxf5! is the
strong threat.} O-O-O 19. Nh3 Qxg4 20. Be2 Qg2 (20... Nxc4 $142 21. Qd3
(21. Bxg4 Nxd2 22. Rxd2 fxg4 $18) 21... Bc6) 21. Qe3 Qc6 22. Bxg7 Rhg8 23. Bf6 Rde8 24. Be5 {[%emt 0:05:00] aiming for Bf3.}
Rd8 25. b3 Be8 26. Rxd8+ Kxd8 27. Bf3 Bxh5 28. Bxc6 bxc6 29. Qxh6 {[%emt 0:00:
31] Intending Qh7 and mate.} Nd7 30. Qxe6 Re8 31. Bf6+ Kc7 32. Be7 Nb6 33. Nf4 {[%emt 0:01:05] White threatens
Nd3 and mate. White is clearly winning.} Nc8 34. Nxh5 Rxe7 35. Qxf5 Re2 36. Nf6 {[%emt 0:00:48] Weighted Error Value: White=0.32/Black=1.17}
1-0

[Event "44th Chess Olympiad Women 2022"]
[Site "Chennai"]
[Date "2022.08.03"]
[Round "6.9"]
[White "Gara, Ticia"]
[Black "Hoang, Thi Bao Tram"]
[Result "0-1"]
[WhiteElo "2367"]
[BlackElo "2288"]
[Annotator "TA"]
[PlyCount "118"]
[EventDate "2022.??.??"]
[TimeControl "60"]

1. e4 c6 2. d4 d5 3.
f3 g6 4. Nc3 Bg7 5. Be3 Nf6 6. e5 Ng8
{[%emt 0:01:56] B15: Caro-Kann: 3 Nc3:3...g6 and 3...dxe4 4 Nxe4 Nf6 5 Nxf6+
exf6.} 7. f4 Nh6 8. Nf3 f6 {
[%emt 0:01:14] [#] White is better.} 9. h3 $146 ({Predecessor:
} 9. Be2 O-O 10. O-O Bf5 11. h3 Qd7 12. Nd2 Be6 13. g4 b6 14. Nb3 {½-½ (13)
Andreev,E (2433)-Gelashvili,T (2605) Baku 2007}) 9... Nf7 10.
Qd2 Be6 (10... b5 $16 {might work better.}
11. Bd3 a5) 11. O-O-O $18 Nd7 12. g4 f5 13. Qg2 Nb6 14. Nd2 Nh6 15. Be2 Nd7 16. g5 Nf7 17. h4 Qc7 18. h5 Rg8 19. Nf3 O-O-O 20. Kb1 Kb8 21. Na4 Rc8 22. Nc5 Nd8 23.
Bd3 Bf7 24. c3 Ka8 25. Qc2 b6 26.
Nb3 (26. Na6 $18 Qb7 27. Nb4) 26... c5 $16 27. dxc5 bxc5 28. c4 d4 29. Bd2 Nc6 30. Bf1 a6 (30... e6 $16 {was called
for.}) 31. Bg2 Ka7 32. Rhe1 Be6 (32... e6 $16) 33. Nh4 $18 Bf8 34. Bd5 Nd8 35. Ba5 (35. hxg6 $142 hxg6 36. Bxe6 (36. Ba5 Nb6 $16) 36... Nxe6 37. Nxg6 $1) 35...
Nb6 36. Nf3 Qd7 $2 (36...
Qb8 {is a better defense.}) 37. Qd2 $2 (37. Bxb6+ $18 Kxb6 38.
Qd2 Bxd5 39. cxd5) 37... Nxd5 $2 {[%emt 0:00:55] [#]} (37... Nxc4 $11 {and
Black has nothing to worry.} 38. Bxc4 Bxc4) 38. Nxc5 $2 (38.
Nfxd4 $1 $18 cxd4 39. Qxd4+ Kb8 40. cxd5 Bxd5 41. Qxd5 Qxd5 42. Rxd5) 38...
Rxc5 $15 39. Qxd4 {[%emt 0:00:10] Black keeps a firm grip on
the game.} ({Better is} 39. Nxd4 $15 Rxc4 40. Bxd8 Rxd4 41. Qxd4+ Ka8 42. Ba5)
39... Nb7 $19 40. b4 {[%emt 0:02:07] [#]} Nxb4 41. Bxb4 Qxd4 42. Nxd4 Rxc4 43. Nxe6 {[%emt 0:04:19] Black
must now prevent Ba3.} Rxb4+ 44. Kc2 Rb6 45. Nd8 e6 {[%emt 0:05:06] And now ...Bb4
would win.} 46. Rd7 (46. Nxb7 $142 Kxb7 47. Rd8) 46... Bb4 47. Red1 Rxd8 48. Rxd8 Nxd8 49. hxg6 {[%emt 0:00:34] [#]} hxg6 50. Rxd8 {[%emt 0:00:03] Endgame KRB-KR} Rc6+ 51. Kb3 Be1 52. Rg8 Bd2 53. Rxg6 Bxf4 54. Rg7+ Kb6 55. g6 Bxe5 56. Re7 Kc5 (56... Rc3+ $142 57. Kb2
Rc7+ 58. Ka3 Rxe7 59. Kb4 f4 60. Kc4 Rd7 61. Kb3 f3 62. g7 Bxg7 63. Kb4 f2 64.
a4 f1=Q 65. a5+ Kc6 66. Ka4 Qh3 67. Kb4 Rd4#) 57. g7 {[%emt 0:00:18] [#]} Bxg7
$1 {[%emt 0:00:00][%cal Yc5d4] ( -> ...Kd4!)} 58. Rxg7 (58.
Rd7 Rb6+) 58... Kd4 59. a4 f4 {[%emt 0:00:14]
Weighted Error Value: White=0.87/Black=0.24 (precise)} 0-1

[Event "44th Chess Olympiad Women 2022"]
[Site "Chennai"]
[Date "2022.08.03"]
[Round "6.9"]
[White "Nguyen, Thi Mai Hung"]
[Black "Lazarne Vajda, Szidonia"]
[Result "1-0"]
[WhiteElo "2223"]
[BlackElo "2313"]
[Annotator "TA"]
[PlyCount "136"]
[EventDate "2022.??.??"]
[TimeControl "60"]

1. d4 d5 2. Nf3 Nf6 3. Bf4 e6 4. e3 Bd6 5. Nbd2 Bxf4 6. exf4 Qd6 {[%emt 0:01:12] D02:1 d4 d5 2 Nf3
sidelines, including 2...Nf6 3 g3 and 2...Nf6 3 Bf4.} 7. g3 $1 b6 8. c3 O-O 9. Bd3 $1 c5 10. Qe2 a5 11. O-O Ba6 {[%emt 0:01:07] [#]} 12. a4 $146 ({Predecessor:} 12. Bxa6 Nxa6 13. Rfd1 Nc7 14. c4 a4 15. a3 cxd4 16. Rac1 b5
17. c5 Qa6 18. Qe5 {1-0 (44) Jumabayev,R (2651)-Yilmaz,M (2624) Sharjah 2021})
12... Bxd3 13. Qxd3 Na6 14. Rfe1 cxd4 15. Nxd4 Nc5 16. Qc2 Nce4 17. Rad1 Nxd2 18. Rxd2 g6 19. h4 Rac8 20. Nf3 Kg7 21. Ne5 Nd7 22. h5 Nxe5 23. Rxe5 Rc4 24. b3 Rc5 25. Qd3 f6 26. Re3 e5 27. fxe5 fxe5 28. hxg6 hxg6 29. Qe2 d4 30. cxd4 exd4 (30... Rc1+
31. Kg2 exd4 32. Re7+ Rf7 33. Rxf7+ Kxf7 34. Qf3+ Kg7 35. Qe4 $16) 31. Re4 Rc1+ 32. Kg2 Qc6 33. Qd3 Rd8 $1 34. Qf3 Rc3 $1 35. Re7+ (35. Rd3 $5 Rc2 36. Rdxd4 (36. Rexd4 Qxf3+ 37. Kxf3 Rxd4 $16) 36... Rxd4 37. Rxd4 $16)
35... Kg8 36. Qxc6 {[%emt 0:00:50] Really sharp!} Rxc6 $11 {
[%emt 0:00:04] Endgame KRR-KRR} 37. Rd3 Rc3 38. Rxc3 dxc3 {[%emt 0:00:04] KR-KR} 39. Rc7 {[%emt 0:00:06]
Inhibits Rc8.} Rd3 40. Rc6 c2
$2 (40... Kg7 $11) 41. Rxg6+ $18 ({Inferior
is} 41. Rxc2 Rxb3 42. f4 g5 $11) 41... Kf7 42. Rc6 Rxb3 ({Weaker is} 42... Rd2 43. g4 $16) 43. Rxc2 Rb4 44. Rc6 Ke7 45. f4 Kd7 46. Rf6 {[%emt 0:00:00]
Black must now prevent Kf3.} Kc7 $2 (46... Rxa4 47. Rxb6 Rb4)
47. g4 ({Not} 47. Rf7+ Kd6 $14) 47...
Rxa4 48. g5 Ra2+ 49. Kf3 Ra1 50. g6 Rg1 $2 (50... a4 51. Rf5 Rg1) 51. Kf2 Rg4 52. Kf3 Rg1 53. f5 $1 {[%emt 0:00:04][%cal
Yf4f5,Yf5f6] aiming for Rf7+.} a4 54. Rf7+ Kd6 {[%emt 0:00:00] [#]} 55. Kf4 b5 56. Ra7 {
[%emt 0:02:05] White wants to mate with g7.} Kd5 57. g7 a3 58. f6 Ke6 59. Ra6+ $2 (59. f7 $18 Rxg7 {[#]} 60. f8=Q $1 Rxa7 61. Qe8+
Kd6 62. Qb8+ Rc7 63. Qb6+ Kd7 64. Ke5) 59... Kf7 $11 60. Ke5 Rg5+ 61. Kf4 Rg1 62. Kf5 Rf1+ 63. Ke5 {[%emt 0:00:05]
Threatening mate with Ra7+.} Re1+ 64. Kd4 {[%emt 0:00:43]
White threatens Ra7+ and mate.} Rg1 65. Ke5 {[%emt 0:01:23]
Ra7+ would kill now.} Re1+ 66. Kd5 {[%emt 0:00:29] Intending
Ra7+ and mate.} Rg1 $2 (66... Rd1+ $11 67. Ke5 Re1+) 67. Ra8 Re1 68. Ra6 $2 (68. g8=Q+ {mates} Kxf6 69.
Rf8+ Ke7 70. Qg7#) 68... Rd1+ {[%emt 0:00:00] Weighted Error Value: White=0.18
(very precise) /Black=0.36. Loss on time!?} 1-0

[Event "44th Chess Olympiad Women 2022"]
[Site "Chennai"]
[Date "2022.08.03"]
[Round "6.9"]
[White "Vo, Thi Kim Phung"]
[Black "Hoang, Thanh Trang"]
[Result "1/2-1/2"]
[WhiteElo "2333"]
[BlackElo "2376"]
[Annotator "TA"]
[PlyCount "72"]
[EventDate "2022.??.??"]
[TimeControl "60"]

1. d4 d5 2. c4 e6 3. Nc3 a6 4. cxd5 exd5 5. Nf3 Nf6 6. Bg5 {[%emt 0:00:14] D37: Queen's
Gambit Declined: 5 Bf4.} Be6 7. e3 Nbd7 8. Be2 {[%emt 0:03:15] White has an edge.} Bd6 9. O-O O-O 10. Rc1 h6 11. Bh4 c6 12. Na4 Qc7 13. Nc5 Bg4 {[%emt 0:03:34] [#]}
14. Nxd7 $146 ({Predecessor:} 14. Bg3 Nxc5 15. Bxd6 Qxd6 16.
Rxc5 Ne4 17. Rc1 Bxf3 18. Bxf3 Ng5 19. h4 Nxf3+ 20. Qxf3 {½-½ (65)
Galopoulos,N (2356)-Bartel,M (2600) Skopje 2018}) 14... Nxd7 15. Bg3 Bxg3 16. hxg3 Rfe8 17. Re1 Qd6 18. Qb3 Rab8 19. Bd3 Qf6 20.
Nh2 Bf5 21. Bxf5 Qxf5 22. Qc2 Qxc2 23. Rxc2 {
[%emt 0:00:33] The position is equal.} Kf8 24. Nf3 Nb6 25. Ne5 f6 26.
Nd3 Nc4 27. b3 Nd6 28. g4 Re7 29. f3 Rbe8 30. Kf2 Kf7 31. a4 g6 32. Nf4 Kg7 33. Rce2 Kf7 34. Rh1 Kg7 35. Rhe1 Kf7 36. Rh1 Kg7 {[%emt 0:10:18] Weighted Error Value: White=0.06 (flawless)
/Black=0.06 (flawless)} 1/2-1/2

[Event "44th Chess Olympiad Women 2022"]
[Site "Chennai"]
[Date "2022.08.03"]
[Round "6.10"]
[White "Chumpitaz, Ann"]
[Black "Peycheva, Gergana"]
[Result "1/2-1/2"]
[WhiteElo "2278"]
[BlackElo "2295"]
[Annotator "TA"]
[PlyCount "89"]
[EventDate "2022.??.??"]
[TimeControl "60"]

1. e4 e6 2.
d4 d5 3. e5 c5 4. c3 Nc6 5. a3 Bd7 6. b4 cxd4 7. cxd4 Nge7 8. Nf3 Ng6 {[%emt 0:00:00] C02:
French: Advance Variation.} (8... Nf5 $11) 9. h4 $14 Be7 10. h5 Nf8 {
[%emt 0:04:57] White is slightly better.} 11. Bd3 h6 12. Be3 Nh7 13. Nc3 Ng5 14. Nxg5 {[%emt 0:00:40] [#]} Bxg5 $146 ({Predecessor:} 14... hxg5 15. O-O Rc8 16. Nb5 a6 17. Nd6+ Bxd6
18. exd6 f5 19. g3 Qf6 20. g4 f4 {½-½ (43) Aldrovandi,C (2328) -Luciani,V 
(2156) Saint Vincent 2000}) 15. f4 Bh4+ 16.
Kf1 {[%emt 0:00:16] [#] aiming for Qg4.} Be7 17. Rh3 O-O 18. Qg4 (18. Bc2 $16) 18... f5 19. Qd1 a5 20. b5 Na7 21. Qb3 Qe8 22. Kf2 ({White should play} 
22. a4 $14) 22... a4 $11 23. Qb2 Nc8 24. Rg1 Nb6 25. g4 Rc8 26. gxf5 exf5 27. Kf3 (27. Kf1 $14) 27... Kh8 28. Rg6 Bd8 29. Qb4 {[%emt 0:06:23] Strongly
threatening e6. Dancing on a razor blade. Active counter play!} Be7 30. Qb2 Bd8 31. Bf2 Be6 $1 32. Bh4 (32. Be1 $11 {feels stronger.}
) 32... Bf7 (32... Bxh4 $15 {stays ahead.} 33. Rxh4 Nc4) 33.
Bxd8 $16 ({Wrong is} 33. Bxf5 $2 Bxg6 34. Bxc8 Bxh5+ 35. Kg2
Bxh4 36. Rxh4 Qg6+ 37. Kh2 Rxc8 $19) 33... Qxd8 34. Rxb6 Qxb6 $15 35. Nxa4 Qa7 (35... Qa5 $15 36. Qb4 Ra8 37. Qxa5 Rxa5) 36. Qb4 (36. Nc5 $5 ) 36... Ra8 37. Nc5 Qxa3 38. Qxa3 Rxa3 39. Ke2 (39. Kg2 $15) 39... Be8 {[%emt 0:03:22] White must
now prevent ...Bxb5.} 40. Rh1 {[%emt 0:00:59] [#]} (40. b6 $17 {was called for.
}) 40... Ra2+ $2 (40... b6 $1 $19 41. Ne6 Rf7)
41. Ke3 $11 {[%emt 0:30:11] The position is equal.} Ra3 {[%emt 0:02:19]
Threatens to win with ...Bxb5.} 42. Kd2 Ra2+ 43. Ke3 Ra3 {[%emt 0:04:02] And now ...Bxb5 would win.} 44.
Kd2 Ra2+ 45. Ke3 {[%emt 0:00:00] Weighted
Error Value: White=0.21 (precise) /Black=0.24 (precise)} 1/2-1/2

[Event "44th Chess Olympiad Women 2022"]
[Site "Chennai"]
[Date "2022.08.03"]
[Round "6.10"]
[White "Krasteva, Beloslava"]
[Black "Caballero Quijano, Mitzy Mishell"]
[Result "1-0"]
[WhiteElo "2249"]
[BlackElo "2035"]
[Annotator "RC"]
[PlyCount "79"]
[EventDate "2022.??.??"]
[TimeControl "60"]

1. d4 e6 2. c4 Nf6 3. Nc3 Bb4 4. Qc2 c5 5. dxc5 Na6 6. a3 Bxc3+ 7. Qxc3 Nxc5 8. b4 Nce4 9. Qb2 Nd6 10. e3 b6 11. Qe5 Nf5 12. Bd3 d6 13.
Qb2 Bb7 14. f3 O-O 15. Ne2 Nd7 16. Nd4 Ne5 17. Bxf5 exf5 18. O-O g6 19. Qc3 Qc8 20. Bb2 Qxc4 21. Rac1 Rac8 22. Qd2 Qd3 23. Qf2 Rxc1 24. Rxc1 Rc8 25. Qe2 Qxe2 26. Rxc8+ Bxc8 27. Nxe2 Ba6 28.
Nd4 Bc4 29. Bc3 Kf8 30. Kf2 Ke8 31. Kg1 Kd7 32. Kf2 b5 33.
Kg1 a6 34. Kf2 Bd3 35. Bd2 Nc4 36. Bc1 Kc7 37. Nb3 Kc6 38. Na5+ Kd5 39. Ke1 Ne5 40. Bd2 1-0

[Event "44th Chess Olympiad Women 2022"]
[Site "Chennai"]
[Date "2022.08.03"]
[Round "6.10"]
[White "Paredes Bustamante, Paula Elizab"]
[Black "Antova, Gabriela"]
[Result "1/2-1/2"]
[WhiteElo "2162"]
[BlackElo "2275"]
[Annotator "TA"]
[PlyCount "171"]
[EventDate "2022.??.??"]
[TimeControl "60"]

1. e4 e5 2. Nf3 Nc6 3. Bb5 a6 4. Ba4 d6 5. c3 Bd7 6. d4 g6 7. Bg5 {[%emt 0:02:34] C76: Ruy Lopez:
Deferred Steinitz: 5 c3 Bd7 6 d4 g6.} f6 8. Be3 Bg7 $1 {[%emt 0:03:48] now scores much better than the old 8... Nh6.} 9.
dxe5 (9. O-O $14) 9... fxe5 $11 {[%emt 0:04:54] [#]} 10. b4
$146 ({Avoid the trap} 10. Qb3 $2 b5 11. Bxb5 axb5 $19) ({
Predecessor:} 10. Nbd2 Nh6 11. Bg5 Ne7 12. Bb3 Qc8 13. Nc4 Nf7 14. Bh4 Be6 15.
Ne3 h6 16. Bxe7 Kxe7 17. Bxe6 Qxe6 {1-0 (68) Karttunen,M (2485)-Alavi
Moghaddam,S (2455) Chess.com INT 2021}) 10... Nf6 11. Bb3 Qe7 12. Nbd2 Nd8 13. Qe2 Nh5 14. g3 {[%emt 0:01:55]
Prevents Nf4.} Ne6 15. Qc4 Nf6 16. h3 {[%emt 0:02:50] Inhibits Ng4.} b5 17. Qd3 O-O 18. a4 (18. O-O $11)
18... Kh8 (18... c5 $1 $15 19. bxc5 dxc5) 19. O-O Qe8 20. axb5 axb5 21. Kh2 Qc8 22. Ng1 Re8 23. Ne2 Qb7 24. Rfc1 Bc6 25. Rxa8 Qxa8 26. c4 bxc4 ({Much less strong is} 
26... Bxe4 27. Nxe4 bxc4 {[#]} 28. Bxc4 $1 $16 (28. Rxc4 d5 $16)) 27. Qxc4 Bb7 28. Nc3 c6 {[%emt 0:00:
00] And now ...d5 would win.} 29. Qd3 d5 {[%emt 0:00:07] [#]
Threatens to win with ...d4.} 30. Bb6 (30. Nf3 $1 $11) 30...
Ng5 (30... d4 $17 31. Na4 Ba6) 31. h4 (31.
Be3 $1 $11 Ne6 32. Nf3) 31... Nf7 (31... Ne6 $17 {[%cal Ye6d4]
Strongly threatening ...Nd4!} 32. Na4 Ba6) 32. b5 cxb5 (32... Rc8 $14) 33. Nxd5 $18 Nxd5 34. Bxd5 Bxd5 35. Qxd5 (35. exd5 $18 Nd6 36. Rc6) 35... Qxd5 $16 36. exd5 Bh6 37. Rc2 {[%emt 0:00:50] White is more active.} ({
White should play} 37. Rc7 $1 $14 Bxd2 38. Rxf7) 37... Bxd2 $11 38. Rxd2 {[%emt 0:00:02] Endgame KRB-KRN} Nd6 {[%emt 0:00:10] White must now
prevent ...Nc4.} 39. Bc7 Nc4 40. Rd3 {
[%emt 0:01:09] Hoping for d6.} e4 ({Black should try} 40...
Re7 $1 $11 41. d6 Rd7) 41. Rb3 (41. Rd4 $5 Re7
42. Bf4 $16) 41... Re7 $1 42. d6 Rd7 43. Rxb5 Nxd6 44. Bxd6 Rxd6 {[%emt 0:00:04] KR-KR} 45. Re5 Rd4 46. Re7 h5 47. Kg2 Kg8 48. Kf1 $1 Kf8 49. Rb7 Rd2 50. Rb4 Kf7 51. Rxe4 Kf6 52. Rf4+ Kg7 53. Kg2 Ra2 54. Rb4 Kf6 55. Kf3 Rc2 56. Ke3 Ra2 57. f3 Ra5 58. g4 hxg4 59.
fxg4 Ra1 60. Rb6+ Kg7 61. Rd6 Ra3+ 62. Ke4 Ra4+ 63. Rd4 Ra5 64. Kf4 Rb5 65. Rc4 Ra5 66. Rc7+ Kf6 67. Rc6+ Kg7 68. Re6 Ra4+ 69. Re4 Ra6 70. Rd4 Kf6 71. Rb4 Ra5 72. Rb6+ Kf7 73. Rd6 Rb5 74. Rd4 Ra5 75. Ke4 Ke6 76. Kf4 Kf7 77. Re4 Kf6 78. Rb4 Kf7 79. Re4 Kf6 80. g5+ Kf7 81. Rb4 Rc5 82. Rb7+ Ke6 83. Rb6+ Kf7 84. Rb7+ Ke6 85. Rb6+ Kf7 86. Rb7+ {[%emt 0:01:01] Weighted Error Value: White=0.16
(very precise) /Black=0.18 (very precise)} 1/2-1/2

[Event "44th Chess Olympiad Women 2022"]
[Site "Chennai"]
[Date "2022.08.03"]
[Round "6.11"]
[White "Calzetta Ruiz, Monica"]
[Black "Fredericia, Louise"]
[Result "1-0"]
[WhiteElo "2230"]
[BlackElo "1990"]
[Annotator "TA"]
[PlyCount "61"]
[EventDate "2022.??.??"]
[TimeControl "60"]

1. e4 c5 2. Nf3 Nc6 3. d4 cxd4 4. Nxd4 g6 5. Nc3 Bg7 6. Be3 Nf6 7. Nb3 O-O {[%emt 0:05:28][%cal Yd7d5] B34: Sicilian:
Accelerated Dragon with 5 Nc3: sidelines.} 8. Qd2 {[%emt 0:00:14] [#] Against
d5} d5 $146 ({Predecessor:} 8... a5 9. a4 Nb4 10. O-O-O d5 11.
f3 e6 12. g4 Bd7 13. Bd4 dxe4 14. fxe4 e5 15. Bxe5 Bxg4 16. Qxd8 Rfxd8 17.
Rxd8+ Rxd8 {0-1 (41) Vega Gutierrez,S (2394)-Sebag,M (2447) Terme Catez 2021})
9. exd5 Nb4 {[%emt 0:00:29] White is slightly better.} 10. Rd1
{[%emt 0:00:46] Threatens to win with a3.} b6 (10... Bf5 $14
11. Nd4 Bc8) 11. a3 $16 Na6 12. Be2 Bb7 13. O-O Qd7 14.
Rfe1 Rfd8 15. Bb5 Qc8 16. Bd4 (16. Bxa6 $16 Bxa6 17. Bh6) 16... Nc7
$11 17. Bc4 (17. Rxe7 Nxb5 18. Nxb5 Nxd5 $17)
17... b5 (17... Ncxd5 $11 {keeps the balance.} 18. Qe2 e6) 18.
Nxb5 Ncxd5 (18... Nxb5 $14 19. Bxb5 Rxd5) 19.
Nc5 (19. Na5 $16) 19... Bc6 $14 20. b4 {
[%emt 0:01:44] White is much more active.} (20. a4 $1 $16) 20... Qg4 $2 (20... Nb6 $11 {and Black is okay.} 21. Qe2 Nxc4 22. Bxf6 Bxb5
23. Bxg7 Nxa3) 21. h3 (21. f3 $18 Qh4 22. Qe2) 21... Qh4 $16 22. Bxf6 ({Better is} 22. Bf1 $16) 22... Bxf6
$11 23. Re4 {[%emt 0:00:32] [#]} ({Of course not} 23. Bxd5
Rxd5 24. Qxd5 Bxd5 25. Rxd5 Qc4 $17) (23. Ne4 $11 {and White has nothing to
worry.}) 23... Nf4 $1 $19 {[%emt 0:02:44] Pin} 24. Qxd8+ (24.
Bd3 Bxe4 25. Nxe4) 24... Rxd8 25. Rxd8+ Kg7 {
[%emt 0:00:09] ...Qg5 is the strong threat.} 26. g3 $2 (26.
Bf1 {was the only chance.} Nxh3+ 27. gxh3 Bxe4 28. Nxe4 Qxe4 29. Rd3) 26...
Nxh3+ 27. Kf1 Qh6 {[%emt 0:00:35] aiming for
...Qc1+.} 28. Nd4 Bxe4 $4 {[%emt 0:03:
13] A strong pair of Bishops.} (28... Qc1+ $19 29. Re1 {[#]} Bg2+ $1 30. Kxg2
Qxe1) 29. Nce6+ {[%emt 0:00:09] White mates.} fxe6 30. Nxe6+ Kf7 31. Ng5+ {[%emt 0:00:07] Discovered
Attack (Double check), Double Attack. Quite a comeback for White. Weighted
Error Value: White=0.64/ Black=0.64} 1-0

[Event "44th Chess Olympiad Women 2022"]
[Site "Chennai"]
[Date "2022.08.03"]
[Round "6.11"]
[White "Matnadze, Ana"]
[Black "Guindy, Esmat Susanne"]
[Result "1-0"]
[WhiteElo "2406"]
[BlackElo "2097"]
[Annotator "TA"]
[PlyCount "97"]
[EventDate "2022.??.??"]
[TimeControl "60"]

1. d4 d5 2. Nf3 Nf6 3. g3 Bf5 4. Bg2 c6 5. O-O e6 6. c4 Be7 7. Nc3 h6 8. Nd2 O-O 9. b3 Nbd7 10. Bb2 a5 {[%emt 0:07:09] D11: Slav Defence: 3 Nf3
sidelines and 3...Nf6 4 e3 Bg4.} 11. a4 {[%emt 0:06:55] [#]} Rc8 $146 ({Predecessor:} 11... Qb6 12. e4 dxe4 13. Ncxe4 Nxe4 14. Nxe4 Nf6 15.
Re1 Rfd8 16. Bc3 Rd7 17. Ra2 Bxe4 18. Bxe4 Nxe4 19. Rxe4 Bf6 {½-½ (21)
Tejero Royo,F (1989)-Lluverol Torrents,S (2001) Vila Seca 2016}) 12. h3 Ne8 {[%emt 0:03:00] Black has an edge.} 13. Rc1 Bh7 14. e3 f5 15. Nf3 Ndf6 16. Ne5 Ne4 17. Ne2 g5 $1 18. f3 N4d6 19. Bc3 Nf7 20. Nd3 b6 21. Qd2 Ned6 22. c5 Nb7 23. b4 (23. cxb6 {feels hotter.} Qxb6 24. h4
gxh4 25. gxh4 Bxh4 26. Nef4) 23... axb4 24. Bxb4 bxc5 25. Nxc5 (25. dxc5 $14 e5 26. f4)
25... Nxc5 $11 26. Bxc5 Nd6 27. Qa2 Nc4 28. Rxc4 dxc4 29. Qxc4 Rf7 (29... Bxc5 $11
30. Qxe6+ Rf7 31. dxc5 Qe8 32. Qxe8+ Rxe8) 30. f4 $1 $14 Bxc5 31. dxc5 Qe8 (31... Bg6 $14)
32. a5 {[%emt 0:09:29][%cal Ya4a5,Ya5a6] White has strong compensation.} Bg6 33. a6 Ra7 (33... e5 $142)
34. Nd4 $16 {[%emt 0:05:14] White is more active.} Bf7 {[%emt 0:03:06] [#] And
now ...e5 would win.} 35. Qa4 Qf8 36. Rc1 $2 (36. Bxc6 Qxc5 37. Bb7 Rc7 $11) (36. Nxc6 $18 Rac7 37. a7)
36... Rca8 37. Bf1 ({Don't play} 37. Qxc6
Rxa6 38. Qb5 Ra5 $11) 37... Qc8 {[%emt 0:08:15] A mistake that costs the game.}
(37... Qg7 $16) 38. Qxc6 $18 ({Weaker is} 38. Nxc6 Rc7 $14)
38... Qd8 (38... gxf4 {might work better.} 39. Qxc8+ (39. exf4
Qd8 $16) 39... Rxc8 40. exf4 Be8) 39. Qb6 {[%emt 0:03:22] [#] Qxd8+ is the
strong threat.} Qd7 40. c6 Qd6 41. Nb5 Qd2 42. Nxa7 Qxc1 43. c7 e5 44. c8=Q+ Rxc8 45. Nxc8 Bc4 46. Qd8+ {[%emt 0:00:00]
White mates.} Kg7 47. Qc7+ Kh8 48. Qxc4 Qxe3+ 49. Kh1 {[%emt 0:00:00]
Weighted Error Value: White=0.20 (precise) /Black=0.42} 1-0

[Event "44th Chess Olympiad Women 2022"]
[Site "Chennai"]
[Date "2022.08.03"]
[Round "6.11"]
[White "Nilssen, Ellen Fredericia"]
[Black "Vega Gutierrez, Sabrina"]
[Result "0-1"]
[WhiteElo "2142"]
[BlackElo "2366"]
[Annotator "RC"]
[PlyCount "86"]
[EventDate "2022.??.??"]
[TimeControl "60"]

1. d4 d5 2. c4 e6 3. Nc3 Nf6 4. cxd5 exd5 5. Bg5 Be7 6. e3 c6 7. Bd3 Nbd7 8. h3 Nf8 9. Nf3 Ne6 10. Bh4 O-O 11. Qc2 g6 12. O-O-O b5 13.
Kb1 Bd7 14. Ne5 Rc8 15. f4 b4 16. Na4 c5 17. Nxc5 Nxc5 18.
dxc5 Rxc5 19. Qe2 b3 20. axb3 Nh5 21. Bxe7 Qxe7 22. Qf3 Rb8 23. Rc1 Rxb3 24. Rxc5 Qxc5 25. Bc2 Rb7 26. Nxd7 Qa3 27. b3 Rxd7 28. Qe2 Re7 29. Qd3 Qc5 30. Rd1 Rxe3 31. Qxd5 Qxd5 32. Rxd5 Nxf4 33. Rd8+ Kg7 34. b4 Re7 35. Rd2 Rb7 36. Rd4 Ne6 37. Rc4 a5 38. Kc1 Rxb4 39. Rxb4 axb4 40. Kd2 f5 41. Ke3 Kf6 42. Bb3 Ke5 43. g3 g5 0-1